 Dungeon Crawl Stone Soup version 0.31-a0-145-g046c7d2549 (webtiles) character file.

Game seed: 10846726853744761263

8285 pokeman the Thaumaturge (level 11, -11/61 HPs)
             Began as a Deep Elf Hedge Wizard on June 4, 2023.
             Was a Believer of Vehumet.
             Mangled by a two-headed ogre
             ... wielding a +0 giant spiked club
              (22 damage)
             ... on level 11 of the Dungeon.
             The game lasted 00:34:13 (13214 turns).

pokeman the Thaumaturge (Deep Elf Hedge Wizard)    Turns: 13214, Time: 00:34:14

Health: -11/61     AC: 10    Str:  7    XL:     11   Next: 7%
Magic:  17/31      EV: 12    Int: 24    God:    Vehumet [**....]
Gold:   1254       SH:  0    Dex: 14    Spells: 31/39 levels left

rFire   . . .        m - +0 whip (elec)
rCold   + + .        (no shield)
rNeg    . . .        M - +3 leather armour
rPois   .            J - +0 helmet
rElec   .            (no cloak)
rCorr   .            j - +0 pair of gloves
SInv    .            G - +0 pair of boots
Will    +....        v - amulet of regeneration
Stlth   ++           f - ring of protection from cold
HPRegen 1.10/turn    K - ring of protection from cold
MPRegen 0.22/turn

%: no passive effects
@: on blink cooldown
A: no striking features
a: Renounce Religion


You were on level 11 of the Dungeon.
You worshipped Vehumet.
Vehumet was pleased with you.
You visited 2 branches of the dungeon, and saw 12 of its levels.

You collected 1378 gold pieces.
You spent 124 gold pieces at shops.

Inventory:

Hand Weapons
 m - a +0 whip of electrocution (weapon)
 q - the +0 falchion of Accord {protect, Fragile rElec Int+4 Dex+2}
   (You found it on level 9 of the Dungeon)

   Int:       It affects your intelligence (+4).
   Dex:       It affects your dexterity (+2).
   rElec:     It insulates you from electricity.
   Fragile:   It will be destroyed if unequipped.
 B - the +0 spear "Kymuludgh" {venom, Fragile Int+3 Stlth+}
   (You found it on level 6 of the Dungeon)

   Int:       It affects your intelligence (+3).
   Fragile:   It will be destroyed if unequipped.
   Stlth:     It makes you more stealthy.
 F - the +1 hand axe of Qaruy {vamp, rN+ Int+4}
   (You took it off an orc on level 6 of the Dungeon)

   Int:       It affects your intelligence (+4).
   rN:        It protects you from negative energy.
Missiles
 p - 2 throwing nets
 C - 3 curare-tipped darts
Armour
 b - a +0 kite shield
 j - a +0 pair of gloves (worn)
 G - a +0 pair of boots (worn)
 J - a +0 helmet (worn)
 M - a +3 leather armour (worn)
Magical Staves
 a - a staff of death
 N - a staff of earth
Jewellery
 f - a ring of protection from cold (left hand)
 v - an amulet of regeneration (around neck)
 w - an amulet of the acrobat
 K - a ring of protection from cold (right hand)
Wands
 n - a wand of light (9)
Scrolls
 g - 4 scrolls of vulnerability
 h - 2 scrolls of butterflies
 k - 2 scrolls of silence
 l - 2 scrolls of enchant armour
 t - 5 scrolls of teleportation
 x - a scroll of fear {unknown}
 z - 2 scrolls of enchant weapon
 A - 5 scrolls of immolation
 E - a scroll of poison
Potions
 c - a potion of brilliance
 d - a potion of magic
 e - 2 potions of mutation
 i - 2 potions of lignification
 o - 2 potions of curing
 r - 3 potions of heal wounds
 s - a potion of invisibility
 u - a potion of attraction
 D - a potion of experience
 H - a potion of haste
 I - 2 potions of enlightenment
 L - a potion of ambrosia {unknown}


   Skills:
 - Level 4.0 Fighting
 - Level 4.1 Armour
 - Level 3.0 Dodging
 - Level 3.0 Stealth
 + Level 1.0 Shields
 * Level 14.5 Spellcasting
 + Level 8.5 Conjurations
 + Level 7.8 Summonings
 - Level 1.0 Necromancy
 - Level 1.1 Translocations
 - Level 1.0 Air Magic
 - Level 1.4 Earth Magic
 - Level 1.0 Poison Magic
 - Level 1.1 Evocations


You had 31 spell levels left.
You knew the following spells:

 Your Spells              Type           Power      Damage    Failure   Level
a - Magic Dart            Conj           100%       1d8       1%          1
b - Mephitic Cloud        Conj/Pois/Air  34%        N/A       3%          3
c - Call Imp              Summ           100%       N/A       1%          2
d - Blink                 Tloc           44%        N/A       4%          2

Your spell library contained the following spells:

 Spells                   Type           Power      Damage    Failure   Level
 Momentum Strike          Conj/Tloc      80%        3d10      1%          2
 Slow                     Hex            68%        N/A       4%          1
 Cigotuvi's Dreadful Rot  Necr/Pois/Air  44%        N/A       4%          2
 Ensorcelled Hibernation  Hex/Ice        34%        N/A       8%          2
 Vampiric Draining        Necr           22%        2d7       10%         3
 Spider Form              Tmut/Pois      20%        N/A       12%         3
 Confusing Touch          Hex            17%        N/A       14%         3
 Tukima's Dance           Hex            17%        N/A       14%         3
 Passage of Golubria      Tloc           22%        N/A       30%         4
 Dispel Undead            Necr           22%        3d12      32%         4
 Anguish                  Hex/Necr       9%         N/A       36%         4
 Yara's Violent Unravell  Hex/Tmut       8%         3d5       80%         5
 Death Channel            Necr           11%        N/A       99%         6


Dungeon Overview and Level Annotations

Branches:
Dungeon (11/15)            Temple (1/1) D:4            Lair (0/5) D:8
    Orc (0/2) D:9

Altars:
Ashenzari
Cheibriados
Dithmenos
Elyvilon
Fedhas
Gozag
Hepliaklqana
Kikubaaqudgha
Makhleb
Nemelex Xobeh
Okawaru
Qazlal
Ru
Sif Muna
Trog
Uskayaw
Vehumet
Wu Jian
Xom
Yredelemnul
Zin
The Shining One

Shops:
D:3 (   D:4 ?   D:6 ?

Annotations:
D:10 exclusion: orange crystal statue


Message History

Unknown command.
Casting: Blink (safe; 4% risk of failure)
Confirm with . or Enter, or press ? or * to list all spells.
Aiming: Mephitic Cloud (dangerous; 3% risk of failure)
Press: ? - help, Shift-Dir - straight line, f/p - two-headed ogre
Aim: a two-headed ogre, wielding two +0 giant spiked clubs (lightly wounded, chance to affect: 53%)
The ball explodes into a vile cloud!
The stinking cloud engulfs the two-headed ogre but does no damage.
The two-headed ogre is lightly wounded.
You hear a shout!
The two-headed ogre is engulfed in noxious fumes.
Unknown command.
You hit the two-headed ogre but do no damage.
The two-headed ogre is lightly wounded.
The two-headed ogre is engulfed in noxious fumes.
The two-headed ogre barely misses you.
The two-headed ogre hits you with a +0 giant spiked club!
Unknown command.
You hit the two-headed ogre but do no damage.
The two-headed ogre is lightly wounded.
You feel stable enough to blink again.
A troll comes into view.
The two-headed ogre is engulfed in noxious fumes.
The two-headed ogre hits you with a +0 giant spiked club!!
Ouch! That really hurt!
The two-headed ogre hits you with a +0 giant spiked club!
* * * LOW HITPOINT WARNING * * *
Unknown command.
Unknown command.
Casting: Mephitic Cloud (dangerous; 3% risk of failure)
Confirm with . or Enter, or press ? or * to list all spells.
You blink.
The two-headed ogre attacks as you move away!
The two-headed ogre completely misses you.
The two-headed ogre hits you with a +0 giant spiked club.
* * * LOW HITPOINT WARNING * * *
The two-headed ogre attacks as you move away!
The two-headed ogre hits you but does no damage.
The two-headed ogre hits you with a +0 giant spiked club!!
You die...

.....#......## .###.##...#.#
......<#....##
.#.#.........#######
#.#.......##......#.#
#.##.###..##ยง.......#
#...............#...#
####.###..###.OT# ..#
#.###..###.#@# #
#............#
#####....#...# #....#.#....#
##...#.#.#.## #...#<#.#...
#...#.#.##### #...........#
##########.##.#.###.#####+##


You could see a two-headed ogre and a troll.

Vanquished Creatures
  Snorg (D:8)
  A two-headed ogre (D:9)
  An ugly thing (D:10)
  A cyclops (D:11)
  An unseen horror (D:11)
  A troll (D:8)
  A wraith (D:10)
  6 yaks
  A steam dragon (D:8)
  2 acid dragons
  Pargi (D:4)
  4 orc warriors
  An ice beast (D:6)
  2 ogres
  A wolf (D:8)
  2 phantoms
  2 centaurs
  3 bullfrogs
  4 kobold brigands
  3 scorpions
  10 wights
  4 killer bees (D:8)
  2 electric eels
  A howler monkey (D:4)
  2 lava snakes
  9 hounds
  3 jellies
  A gnoll bouda (D:5)
  5 orc priests
  3 sleepcaps
  6 iguanas
  8 orc wizards
  6 gnolls
  3 adders
  A shadow imp (D:7)
  5 white imps
  A worm (D:5)
  2 dart slugs
  39 orcs
  4 bats
  5 endoplasms
  4 giant cockroaches
  4 goblins
  7 hobgoblins
  26 kobolds
  6 quokkas
  6 ball pythons
  A frilled lizard (D:1)
  3 rats
216 creatures vanquished.

Vanquished Creatures (collateral kills)
  A cyclops (D:10)
  2 wights
  A hound (D:8)
  An orc priest (D:9)
  An orc wizard (D:10)
  A gnoll (D:2)
  3 orcs
  A kobold (D:6)
11 creatures vanquished.

Vanquished Creatures (others)
  A human (D:7)
1 creature vanquished.

Grand Total: 228 creatures vanquished

Notes
Turn   | Place    | Note
-------+----------+-------------------------------------------
     0 | D:1      | pokeman the Deep Elf Hedge Wizard began the quest for the
                  | Orb.
     0 | D:1      | Reached XP level 1. HP: 10/10 MP: 7/7
   321 | D:1      | Found a faded altar of an unknown god.
   457 | D:1      | Reached XP level 2. HP: 16/16 MP: 6/9
  1314 | D:2      | Reached skill level 5 in Spellcasting
  1314 | D:2      | Reached XP level 3. HP: 20/20 MP: 4/11
  1318 | D:2      | Learned a level 3 spell: Mephitic Cloud
  1321 | D:2      | Learned a level 2 spell: Call Imp
  1324 | D:2      | Learned a level 2 spell: Blink
  1451 | D:2      | Reached skill level 1 in Fighting
  1451 | D:2      | Reached skill level 1 in Armour
  2145 | D:3      | Reached XP level 4. HP: 25/25 MP: 6/13
  2379 | D:3      | Found a burning altar of Makhleb.
  2379 | D:3      | Found a broken altar of Ashenzari.
  2430 | D:3      | Found a faded altar of an unknown god.
  2434 | D:3      | Found a sparkling altar of Nemelex Xobeh.
  2447 | D:3      | Found Naomoamm's Weapon Boutique.
  2654 | D:4      | Found Teozix's Magic Scroll Shop.
  2657 | D:4      | Bought a scroll of identify for 20 gold pieces
  2657 | D:4      | Bought a scroll of identify for 20 gold pieces
  2943 | D:4      | Reached skill level 6 in Spellcasting
  2943 | D:4      | Reached XP level 5. HP: 29/29 MP: 7/15
  3165 | D:4      | Reached skill level 1 in Necromancy
  3165 | D:4      | Reached skill level 1 in Evocations
  3701 | D:4      | Found a staircase to the Ecumenical Temple.
  3705 | D:4      | Noticed Pargi
  3728 | D:4      | Killed Pargi
  3729 | D:4      | Reached skill level 7 in Spellcasting
  3729 | D:4      | Reached skill level 1 in Poison Magic
  3729 | D:4      | Reached XP level 6. HP: 22/34 MP: 12/18
  3735 | Temple   | Entered the Ecumenical Temple
  4005 | D:4      | Reached skill level 1 in Air Magic
  4257 | D:5      | Entered Level 5 of the Dungeon
  4611 | D:5      | Reached XP level 7. HP: 28/38 MP: 15/20
  4788 | D:5      | Reached skill level 8 in Spellcasting
  5891 | D:6      | Identified the +1 hand axe of Qaruy {vamp, rN+ Int+4}
  6019 | D:5      | Reached XP level 8. HP: 29/45 MP: 14/22
  6152 | D:6      | Identified the +0 spear "Kymuludgh" {venom, Fragile Int+3
                  | Stlth+}
  6176 | D:6      | Reached skill level 9 in Spellcasting
  6293 | D:6      | Reached skill level 5 in Conjurations
  6502 | D:6      | Found a basalt altar of Yredelemnul.
  6568 | D:6      | Found Dafru's Magic Scroll Shoppe.
  6575 | D:6      | Bought a scroll of identify for 24 gold pieces
  6575 | D:6      | Bought a scroll of identify for 24 gold pieces
  6575 | D:6      | Bought a scroll of identify for 24 gold pieces
  6575 | D:6      | Bought a scroll of noise for 12 gold pieces
  6756 | D:6      | Found a shimmering altar of Xom.
  6809 | D:6      | Reached skill level 10 in Spellcasting
  7154 | D:7      | Found an ancient bone altar of Kikubaaqudgha.
  7520 | D:7      | Found a radiant altar of Vehumet.
  7528 | D:7      | Became a worshipper of Vehumet
  7621 | D:7      | Reached XP level 9. HP: 16/50 MP: 15/25
  7762 | D:7      | Reached skill level 5 in Summonings
  7903 | D:7      | Found The Oracle's Delphic Readings.
  8393 | D:8      | Noticed a troll
  8449 | D:8      | Reached skill level 11 in Spellcasting
  8577 | D:8      | HP: 2/50 [acid dragon (1)]
  8963 | D:8      | Killed a troll
  9107 | D:8      | Reached skill level 12 in Spellcasting
  9110 | D:8      | Reached * piety under Vehumet
  9110 | D:8      | Offered knowledge of Sandblast by Vehumet.
  9597 | D:8      | Found a staircase to the Lair.
  9722 | D:8      | Identified a scroll of acquirement
  9736 | D:8      | Acquired 577 gold pieces
 10351 | D:9      | Found a glowing silver altar of Zin.
 10386 | D:9      | Reached XP level 10. HP: 50/56 MP: 22/28
 10386 | D:9      | Identified the +0 falchion of Accord {protect, Fragile
                  | rElec Int+4 Dex+2}
 10509 | D:9      | Found a staircase to the Orcish Mines.
 10736 | D:9      | Noticed a two-headed ogre
 10757 | D:9      | Killed a two-headed ogre
 10758 | D:9      | Reached skill level 13 in Spellcasting
 11114 | D:10     | Entered Level 10 of the Dungeon
 11159 | D:10     | Noticed a cyclops
 11280 | D:10     | Noticed a cyan ugly thing
 11339 | D:10     | Reached ** piety under Vehumet
 11339 | D:10     | Offered knowledge of Momentum Strike by Vehumet.
 11573 | D:10     | Killed a cyclops
 11704 | D:10     | Killed a cyan ugly thing
 11705 | D:10     | Reached skill level 1 in Earth Magic
 12085 | D:10     | Noticed Snorg
 12192 | D:8      | Killed Snorg
 12193 | D:8      | Reached skill level 14 in Spellcasting
 12246 | D:10     | Noticed an orange crystal statue
 12781 | D:11     | Reached XP level 11. HP: 61/61 MP: 24/31
 13048 | D:11     | Reached skill level 1 in Shields
 13171 | D:11     | Noticed a two-headed ogre
 13214 | D:11     | Mangled by a two-headed ogre

Illustrated notes

Levels and vault maps discovered:
D:1:      heliophobic_arrival_ceremonial_halls, layout_basic,
          ebering_ecumenical_altar_sacrificial
D:2:      layout_basic
D:3:      layout_rooms, nicolae_overflow_ecumenical_swirl,
          nicolae_overflow_two_pavilions, serial_shops, shop
D:4:      layout_rooms, minmay_temple_entry_stoned_glass, serial_bayou,
          serial_bayou_lake_a, serial_bayou_lagoon_b, serial_bayou_pond_c,
          serial_bayou_pond_b, chequers_serial_rivers_room_a,
          nicolae_stop_n_shop_1, hangedman_decor_growths, grunt_ministairs_9,
          chequers_serial_rivers_micro_a, st_stairs_12, uniq_pargi
D:5:      wad_river_or_something, layout_loops_ring, minmay_chambers_of_fives
D:6:      layout_loops_ring, kennysheep_little_box, kennysheep_mini_moat,
          serial_shops, nicolae_shop_peninsula
D:7:      layout_cave_pools, tgw_kikubaaqudgha,
          mainiacjoe_overflow_cross_hatched, kennysheep_cross_bottleneck,
          serial_bayou_lagoon_a, nicolae_nh_oracle_at_delphi
D:8:      layout_basic, erik_lair_island, kennysheep_diamond
D:9:      layout_basic, lemuel_round_altar, minmay_orc_entry_temple_small
D:10:     minmay_statue_hallways, layout_layer_cave, uniq_snorg
D:11:     layout_basic, nicolae_trove_entry_columns
Temple:   eino_temple_water

Skill      XL: |  1  2  3  4  5  6  7  8  9 10 11 |
---------------+----------------------------------+-----
Spellcasting   | 5 6 7 8 10 12 14 | 14.5
Fighting       | 1 2 3 4 |  4.0
Armour         | 1 2 3 4 |  4.1
Conjurations   | 2 3 4 5 7 8 |  8.5
Stealth        | 3 |  3.0
Dodging        | 3 |  3.0
Necromancy     | 1 |  1.0
Evocations     | 1 |  1.1
Poison Magic   | 1 |  1.0
Air Magic      | 1 |  1.0
Summonings     | 2 3 4 6 7 |  7.8
Earth Magic    | 1 |  1.4
Shields        | 1 |  1.0
Translocations | |  1.1

Action                     |  1- 3 |  4- 6 |  7- 9 | 10-12 || total
---------------------------+-------+-------+-------+-------++-------
  Melee: Dagger            |     4 |       |       |       ||     4
         Whip              |       |    35 |   130 |    78 ||   243
         Punch             |       |       |       |     4 ||     4
   Cast: Magic Dart        |    65 |   118 |   383 |   105 ||   671
         Mephitic Cloud    |     3 |     7 |    36 |    29 ||    75
         Call Imp          |     1 |     1 |    15 |     7 ||    24
         Blink             |       |       |     5 |    12 ||    17
  Evoke: Wand              |       |       |     2 |    13 ||    15
    Use: Scroll            |       |       |    19 |     1 ||    20
   Stab: Confused          |     1 |     2 |    16 |    10 ||    29
         Invisible         |       |       |       |     1 ||     1
 Armour: Robe              |     2 |    19 |    19 |     4 ||    44
         Leather armour    |       |       |       |    17 ||    17
  Dodge: Dodged            |     7 |    42 |   131 |    53 ||   233

Table legend: (Time is in decaauts)
 A = Elapsed time spent in this place.
 B = Non-inter-level travel time spent in this place.
 C = Inter-level travel time spent in this place.
 D = Time resting spent in this place.
 E = Time spent auto-exploring this place.
 F = Levels seen in this place.
 G = Mean time per level.
                   A        B        C        D        E       F      G
               +--------+--------+--------+--------+--------+-----+--------+
         Total |  13339 |  12802 |    537 |    401 |  10010 |  12 | 1111.6 |
       Dungeon |  13089 |  12571 |    518 |    401 |   9791 |  11 | 1189.9 |
        Temple |    250 |    231 |     19 |      0 |    219 |   1 |  250.0 |
               +--------+--------+--------+--------+--------+-----+--------+

Top non-repeatable levels by time:
     D:5: 1638 daAuts
    D:10: 1515 daAuts
     D:8: 1489 daAuts
     D:4: 1411 daAuts
     D:9: 1407 daAuts
     D:6: 1326 daAuts
     D:1: 1308 daAuts
     D:7: 1147 daAuts
     D:2: 805 daAuts
     D:3: 547 daAuts
    D:11: 491 daAuts
  Temple: 250 daAuts
